Map: World of Sleepers LE

Players

NqNt

  • Race: Protoss Protoss
  • League: Grandmaster
  • Spawn Location: 1:00

zuka - Winner!

  • Race: Protoss Protoss
  • League: Master
  • Spawn Location: 7:00

VOD

Have the link to the VOD?

Description

Time

  • Played on: Dec. 28, 2019, 4:25 p.m.
  • Length: 6:40
Show
View Real Time Build Order
Export as new Build Order

NqNt Protoss 

Build Orders:  

Get SALT Encoding   

  12  0:00  Probe (Chrono Boost)  
  13  0:11  Probe (Chrono Boost)  
  14  0:16  Pylon  
  14  0:20  Probe  
  15  0:35  Probe  
  16  0:37  Gateway  
  16  0:43  Assimilator  
  16  0:48  Probe  
  17  0:52  Assimilator  
  17  1:00  Probe  
  18  1:12  Probe  
  18  1:13  Gateway  
  19  1:24  Probe  
  20  1:26  Cybernetics Core  
  20  1:36  Probe  
  20  1:37  Pylon  
  21  1:48  Probe  
  22  2:00  Probe  
  23  2:02  Stalker (Chrono Boost)  
  23  2:03  Stalker (Chrono Boost)  
  23  2:05  Warp Gate  
  27  2:20  Pylon  
  27  2:22  Stalker  
  29  2:29  Stalker  
  31  2:42  Robotics Facility  
  31  2:55  Sentry  
  33  3:08  Nexus  
  33  3:18  Probe  
  34  3:26  Shield Battery  
  34  3:30  Probe  
  37  3:41  Immortal  
  37  3:46  Probe (Chrono Boost)  
  36  3:57  Probe (Chrono Boost)  
  36  4:02  Probe (Chrono Boost)  
  37  4:08  Twilight Council  
  38  4:10  Forge  
  38  4:12  Probe  
  39  4:25  Immortal  
  39  4:28  Probe (Chrono Boost)  
  45  4:31  Probe (Chrono Boost)  
  45  4:34  Sentry  
  45  4:36  Sentry  
  49  4:40  Probe (Chrono Boost)  
  49  4:42  Probe (Chrono Boost)  
  51  4:51  Pylon  
  51  4:53  Probe  
  51  4:55  Probe  
  53  5:05  Observer  
  54  5:09  Probe x2  
  54  5:11  Assimilator  
  54  5:14  Assimilator  
  56  5:21  Probe x2  
  56  5:23  Pylon  
  58  5:33  Probe x2  
  58  5:34  Gateway  
  58  5:35  Gateway  
  60  5:45  Probe x2  
  62  5:58  Stalker x2, Probe  
  62  6:02  Shield Battery  
  67  6:04  Shield Battery  
  67  6:06  Shield Battery  
  67  6:08  Shield Battery  
  61  6:22  Zealot x2  
  53  6:36  Stalker x2  
Show
View Real Time Build Order
Export as new Build Order

zuka Protoss - Winner!

Build Orders: Oracle Opening 

Get SALT Encoding   

  12  0:01  Probe  
  13  0:13  Probe  
  14  0:18  Pylon  
  14  0:25  Probe (Chrono Boost)  
  15  0:36  Probe (Chrono Boost)  
  15  0:38  Gateway  
  16  0:42  Probe  
  16  0:47  Assimilator  
  17  0:54  Probe  
  17  0:56  Assimilator  
  18  1:07  Probe (Chrono Boost)  
  19  1:17  Probe (Chrono Boost)  
  19  1:18  Gateway  
  20  1:22  Probe (Chrono Boost)  
  21  1:30  Cybernetics Core  
  21  1:33  Probe  
  22  1:42  Pylon  
  22  1:45  Probe  
  23  2:07  Stargate  
  23  2:09  Stalker  
  23  2:12  Stalker  
  27  2:18  Warp Gate  
  27  2:25  Probe  
  27  2:27  Pylon  
  27  2:38  Probe  
  28  2:47  Oracle (Chrono Boost)  
  31  2:52  Probe  
  32  3:04  Stalker x2  
  36  3:07  Shield Battery  
  36  3:35  Nexus  
  36  3:45  Probe (Chrono Boost)  
  34  3:53  Twilight Council  
  34  3:57  Probe (Chrono Boost)  
  35  4:04  Probe (Chrono Boost)  
  36  4:11  Pylon, Probe  
  37  4:20  Zealot  
  37  4:23  Charge (Chrono Boost)  
  39  4:28  Robotics Facility  
  39  4:29  Probe  
  40  4:38  Zealot  
  42  4:41  Probe  
  43  4:48  Gateway  
  43  4:49  Probe  
  44  4:53  Probe  
  44  4:57  Gateway  
  45  5:02  Probe  
  45  5:05  Gateway, Probe  
  47  5:13  Zealot x2  
  51  5:20  Gateway  
  51  5:26  Gateway  
  51  5:32  Pylon  
  51  5:36  Zealot x2  
  51  5:41  Observer (Chrono Boost)  
  56  5:46  Zealot  
  58  5:56  Zealot  
  58  5:57  Zealot x2  
  62  6:00  Zealot  
  64  6:16  Zealot x3  
  70  6:22  Zealot  
  66  6:26  Pylon, Zealot x2  
  66  6:27  Zealot  
Tags
 
Add a new tag
Caveats
  • Supply blocks, unpowered buildings, or Contaminate may cause inaccurate times.
  • Supply counts are checked every 10 seconds.